 Dungeon Crawl Stone Soup version 0.31-a0-1-g4198be8af4 (webtiles) character file.

Game seed: 2383255723167985896

841 ryw the Caller (level 7, -3/31 (36) HPs)
             Began as a Deep Elf Hedge Wizard on May 2, 2023.
             Was an Initiate of Sif Muna.
             Slain by a wight
             ... wielding a +0 mace
              (12 damage)
             ... on level 5 of the Dungeon.
             The game lasted 00:14:10 (6401 turns).

ryw the Caller (Deep Elf Hedge Wizard)              Turns: 6401, Time: 00:14:10

HP:   -3/31 (36)    AC:  3    Str:  7    XL:     7   Next: 67%
MP:   7/15          EV: 12    Int: 21    God:    Sif Muna [......]
Gold: 199           SH:  5    Dex: 14    Spells: 9/14 levels left

rFire   . . .        a - +0 dagger
rCold   . . .        (no shield)
rNeg    . . .        b - +0 robe
rPois   .            c - +1 hat
rElec   .            (no cloak)
rCorr   .            (no gloves)
SInv    .            (no boots)
Will    .....        i - amulet of reflection
Stlth   ++           m - +4 ring of slaying
HPRegen 0.25/turn    (no ring)
MPRegen 0.14/turn

%: reflection
@: heavily drained
A: no striking features
a: Renounce Religion


You were on level 5 of the Dungeon.
You worshipped Sif Muna.
Sif Muna was noncommittal.
You visited 2 branches of the dungeon, and saw 6 of its levels.
You also visited: Sewer.

You collected 199 gold pieces.

Inventory:

Hand Weapons
 a - a +0 dagger (weapon)
Missiles
 e - 5 poisoned darts
Armour
 b - a +0 robe (worn)
 c - a +1 hat (worn)
Jewellery
 i - an amulet of reflection (around neck)
 m - a +4 ring of slaying (left hand)
Wands
 l - a wand of flame (13)
Scrolls
 h - 2 scrolls of amnesia
 o - a scroll of silence
 p - 4 scrolls of enchant weapon
 q - a scroll of immolation
 s - 2 scrolls of noise
 u - 4 scrolls of teleportation
 w - a scroll of fog
Potions
 d - a potion of magic
 f - a potion of invisibility {unknown}
 g - 3 potions of curing
 j - 2 potions of mutation {unknown}
 k - 4 potions of attraction {unknown}
 n - 4 potions of brilliance {unknown}
 t - 4 potions of heal wounds {unknown}
 x - a potion of ambrosia {unknown}
 z - a potion of haste {unknown}


   Skills:
 - Level 2.4 Dodging
 - Level 2.4 Stealth
 - Level 4.4 Spellcasting
 - Level 5.0 Conjurations
 * Level 7.1 Summonings
 + Level 3.9 Translocations


You had 9 spell levels left.
You knew the following spells:

 Your Spells              Type           Power      Damage    Failure   Level
a - Magic Dart            Conj           100%       1d8       1%          1
b - Blink                 Tloc           42%        N/A       3%          2
c - Call Imp              Summ           68%        N/A       1%          2

Your spell library contained the following spells:

 Spells                   Type           Power      Damage    Failure   Level
 Summon Small Mammal      Summ           100%       N/A       1%          1
 Apportation              Tloc           42%        N/A       2%          1
 Necrotise                Necr           16%        1d4       12%         1
 Slow                     Hex            16%        N/A       12%         1
 Cigotuvi's Dreadful Rot  Necr/Pois/Air  8%         N/A       17%         2
 Mephitic Cloud           Conj/Pois/Air  11%        N/A       17%         3


Dungeon Overview and Level Annotations

Branches:
Dungeon (5/15)             Temple (1/1) D:5           Sewer (visited)

Altars:
Ashenzari
Cheibriados
Dithmenos
Elyvilon
Fedhas
Gozag
Kikubaaqudgha
Nemelex Xobeh
Okawaru
Qazlal
Ru
Sif Muna
Trog
Uskayaw
Xom
Yredelemnul
Zin

Shops:
D:2 [

Annotations:
D:5 Prince Ribbit


Message History

Confirm with . or Enter, or press ? or * to list all spells.
Aiming: Magic Dart (safe; 1% risk of failure)
Press: ? - help, Shift-Dir - straight line, f/p - wight
Aim: a wight, wielding a +0 mace and wearing a +0 robe (heavily damaged, ally target, 100% to hit)
The magic dart hits the wight.
The wight is heavily damaged.
The wight hits you with a +0 mace.
You feel drained.
Your cerulean imp hits the wight but does no damage.
Casting: Magic Dart (safe; 1% risk of failure)
Confirm with . or Enter, or press ? or * to list all spells.
Aiming: Magic Dart (safe; 1% risk of failure)
Press: ? - help, Shift-Dir - straight line, f/p - wight
Aim: a wight, wielding a +0 mace and wearing a +0 robe (heavily damaged, not watching you, ally target, 100% to hit)
The magic dart hits the wight.
The wight is almost destroyed.
The wight closely misses you.
Your cerulean imp hits the wight but does no damage.
Casting: Magic Dart (safe; 1% risk of failure)
Confirm with . or Enter, or press ? or * to list all spells.
Aiming: Magic Dart (safe; 1% risk of failure)
Press: ? - help, Shift-Dir - straight line, f/p - wight
Aim: a wight, wielding a +0 mace and wearing a +0 robe (almost destroyed, ally target, 100% to hit)
The magic dart hits the wight.
The wight is almost destroyed.
The wight hits you with a +0 mace!
You feel drained.
Your cerulean imp hits the wight but does no damage.
You barely miss the wight.
The wight is almost destroyed.
The wight hits you with a +0 mace!
* * * LOW HITPOINT WARNING * * *
Your cerulean imp barely misses the wight.
Casting: Magic Dart (safe; 1% risk of failure)
Confirm with . or Enter, or press ? or * to list all spells.
Aiming: Magic Dart (safe; 1% risk of failure)
Press: ? - help, Shift-Dir - straight line, f/p - wight
Aim: a wight, wielding a +0 mace and wearing a +0 robe (almost destroyed, ally target, 100% to hit)
The magic dart hits the wight but does no damage.
The wight is almost destroyed.
The wight hits you with a +0 mace!
You die...

.....z### #.# #.#
........###.# #.#
.......z....# #.#
...<....##..# #.#
......####..# #.#
#.#...# ##..####.##
#.##.## #...s5...5#
#.##.# #...####[z#
#...............@.#
.. ######.#..####[#
.....#. #.#
....#..## #.#
#####... #.#### .#
#....# ####.# #.#
#.#


You could see a wight (ally target) and a friendly cerulean imp (summoned).

Vanquished Creatures
  Sigmund (D:4)
  An ice beast (D:5)
  A scorpion (D:4)
  5 wights (D:5)
  An orc priest (D:3)
  A hound (D:4)
  4 adders
  A river rat (D:3)
  A shadow imp (D:5)
  A white imp (D:5)
  4 worms
  3 orcs (D:3)
  4 bats
  5 endoplasms
  A giant cockroach (D:1)
  6 goblins
  5 hobgoblins
  4 jackals (D:3)
  A quokka (D:1)
  3 ball pythons
  8 frilled lizards
  2 kobolds
  4 rats
67 creatures vanquished.

Vanquished Creatures (collateral kills)
  A wight (D:5)
  An iguana (D:4)
  An ufetubus (D:5)
  A quokka (D:3)
4 creatures vanquished.

Grand Total: 71 creatures vanquished

Notes
Turn   | Place    | Note
-------+----------+-------------------------------------------
     0 | D:1      | ryw the Deep Elf Hedge Wizard began the quest for the Orb.
     0 | D:1      | Reached XP level 1. HP: 10/10 MP: 7/7
   239 | D:1      | Reached XP level 2. HP: 15/15 MP: 3/9
   803 | D:1      | Learned a level 2 spell: Blink
   806 | D:1      | Learned a level 2 spell: Call Imp
   847 | D:2      | Found a glowing silver altar of Zin.
  1450 | D:2      | Reached XP level 3. HP: 19/19 MP: 6/10
  1571 | D:2      | Found Suhussum's Armour Shoppe.
  2406 | D:3      | Reached XP level 4. HP: 14/24 MP: 0/12
  2566 | D:3      | Found a glowing drain.
  2570 | Sewer    | Entered a sewer
  2676 | Sewer    | Noticed Pargi
  2827 | D:3      | Reached skill level 5 in Conjurations
  3007 | D:3      | Found a bloodstained altar of Trog.
  3134 | D:3      | Found a blossoming altar of Fedhas.
  3876 | D:4      | Reached skill level 2 in Summonings
  3948 | D:4      | Reached XP level 5. HP: 28/28 MP: 8/13
  4196 | D:4      | Reached skill level 3 in Summonings
  4569 | D:4      | Noticed Sigmund
  4581 | D:4      | Killed Sigmund
  4582 | D:4      | Reached skill level 5 in Summonings
  4582 | D:4      | Reached XP level 6. HP: 20/32 MP: 5/14
  5122 | D:5      | Entered Level 5 of the Dungeon
  5150 | D:5      | Found a staircase to the Ecumenical Temple.
  5264 | D:5      | Reached XP level 7. HP: 30/36 MP: 9/15
  5271 | D:5      | Reached skill level 6 in Summonings
  5287 | Temple   | Entered the Ecumenical Temple
  5515 | Temple   | Became a worshipper of Sif Muna the Loreminder
  5557 | D:5      | Found an opulent altar of Gozag.
  5557 | D:5      | Noticed Prince Ribbit
  6339 | D:5      | Reached skill level 7 in Summonings
  6401 | D:5      | Slain by a wight

Illustrated notes

Levels and vault maps discovered:
D:1:      elethiomel_arrival_shortcut, layout_basic
D:2:      layout_basic, serial_shops,
          nicolae_shop_temple_entry_statues_fountains, basic_altar,
          minmay_misc_feat_nine_boxes, hex_large, minivault_5
D:3:      layout_basic, lemuel_round_altar, mainiacjoe_overflow_surrounded_room,
          gup_sewer_entry_bowl, corexii_corridor_pit,
          amcnicky_mini_corridor_feature
D:4:      layout_loops_corners, minmay_misc_feat_tower, uniq_sigmund
D:5:      layout_loops_ring, mainiacjoe_overflow_cross_hatched, temple_pool_b,
          uniq_prince_ribbit1
Temple:   nicolae_temple_bog_church

Skill      XL: |  1  2  3  4  5  6  7 |
---------------+----------------------+-----
Conjurations   | 2 3 4 5 |  5.0
Summonings     | 2 5 7 |  7.1
Translocations | 2 3 |  3.9
Dodging        | |  2.4
Stealth        | |  2.4
Spellcasting   | |  4.4

Action                     |  1- 3 |  4- 6 |  7- 9 || total
---------------------------+-------+-------+-------++-------
  Melee: Dagger            |       |       |     6 ||     6
  Throw: Dart              |    12 |     2 |       ||    14
   Cast: Magic Dart        |    92 |    81 |    46 ||   219
         Call Imp          |       |     8 |    13 ||    21
         Blink             |       |       |     3 ||     3
    Use: Scroll            |       |    14 |     2 ||    16
 Armour: Robe              |     2 |       |     9 ||    11
  Dodge: Dodged            |     3 |    10 |    20 ||    33
  Block: Other             |     2 |     7 |    11 ||    20

Table legend: (Time is in decaauts)
 A = Elapsed time spent in this place.
 B = Non-inter-level travel time spent in this place.
 C = Inter-level travel time spent in this place.
 D = Time resting spent in this place.
 E = Time spent auto-exploring this place.
 F = Levels seen in this place.
 G = Mean time per level.
                   A        B        C        D        E       F      G
               +--------+--------+--------+--------+--------+-----+--------+
         Total |   6440 |   6099 |    341 |   1272 |   4015 |   7 |  920.0 |
       Dungeon |   6047 |   5728 |    319 |   1240 |   3743 |   5 | 1209.4 |
        Temple |    246 |    224 |     22 |     30 |    181 |   1 |  246.0 |
         Sewer |    146 |    146 |      0 |      2 |     90 |   1 |  146.0 |
               +--------+--------+--------+--------+--------+-----+--------+

Top non-repeatable levels by time:
     D:4: 1884 daAuts
     D:3: 1394 daAuts
     D:2: 1375 daAuts
     D:1: 835 daAuts
     D:5: 558 daAuts
  Temple: 246 daAuts
   Sewer: 146 daAuts
